 Dungeon Crawl Stone Soup version 0.31-a0-965-g8a8ce12e04 (webtiles) character file.

Game seed: 13823799308028048683

875 Persephone the Cleaver (level 7, -8/57 HPs)
             Began as a Minotaur Monk on Oct 26, 2023.
             Was an Initiate of Gozag.
             Mangled by a sleepcap (13 damage)
             ... on level 6 of the Dungeon.
             The game lasted 00:04:00 (2656 turns).

Persephone the Cleaver (Minotaur Monk)              Turns: 2656, Time: 00:04:00

Health: -8/57      AC:  6    Str: 17    XL:     7   Next: 74%
Magic:  6/6        EV:  2    Int:  7    God:    Gozag
Gold:   444        SH:  0    Dex: 13    Spells: 6/6 levels left

rFire   . . .        c - +0 war axe (flame)
rCold   . . .        d - orb {light}
rNeg    . . .        j - +0 scale mail
rPois   .            (helmet restricted)
rElec   .            (no cloak)
rCorr   .            (no gloves)
SInv    .            (no boots)
Will    .....        (no amulet) Stlth
                     (no ring)
HPRegen 0.29/turn    (no ring)
MPRegen 0.10/turn

%: no passive effects
@: sleeping, glowing
A: horns 2, retaliatory headbutt
a: Renounce Religion, Potion Petition, Call Merchant, Bribe Branch


You were on level 6 of the Dungeon.
You worshipped Gozag.
Gozag was aware of your devotion.
You visited 1 branch of the dungeon, and saw 5 of its levels.

You collected 444 gold pieces.

Inventory:

Hand Weapons
 a - a +0 hand axe
 c - a +0 war axe of flaming (weapon)
Missiles
 v - 3 poisoned darts (quivered)
Armour
 b - a +0 robe
 d - an orb of light (worn)
 j - a +0 scale mail (worn)
Jewellery
 w - a +4 ring of protection
 y - an amulet of magic regeneration
Scrolls
 e - 2 scrolls of teleportation {unknown}
 h - 4 scrolls of enchant weapon {unknown}
 k - a scroll of acquirement {unknown}
 m - a scroll of fog {unknown}
 n - a scroll of identify {unknown}
 o - a scroll of immolation {unknown}
 s - a scroll of enchant armour {unknown}
 x - a scroll of fear {unknown}
 z - a scroll of silence {unknown}
 A - a scroll of revelation {unknown}
Potions
 f - a potion of degeneration {unknown}
 g - a potion of lignification {unknown}
 i - a potion of mutation {unknown}
 l - a potion of brilliance {unknown}
 p - a potion of enlightenment {unknown}
 r - a potion of attraction {unknown}
 t - 2 potions of might {unknown}
 u - a potion of magic {unknown}


   Skills:
 - Level 3.6 Fighting
 + Level 11.1 Axes
 - Level 3.2 Dodging


You had 6 spell levels left.
You didn't know any spells.
Your spell library contained the following spells:

 Spells                   Type           Power      Damage    Failure   Level
 Necrotise                Necr           0%         1d4       86%         1
 Poisonous Vapours        Pois/Air       0%         N/A       95%         2
 Mephitic Cloud           Conj/Pois/Air  0%         N/A       99%         3
 Vampiric Draining        Necr           0%         2d6       99%         3
 Agony                    Necr           0%         N/A       100%        5
 Freezing Cloud           Conj/Ice/Air   0%         6-21      100%        5
 Conjure Ball Lightning   Conj/Air       0%         3x3d6     100%        6
 Discord                  Hex            0%         N/A       100%        8
 Disjunction              Tloc           0%         N/A       100%        8


Dungeon Overview and Level Annotations

Branches:
Dungeon (4/15)             Temple (0/1) D:6

Altars:
Gozag
Makhleb
Qazlal
Sif Muna
Yredelemnul
The Shining One

Shops:
D:2 =


Innate Abilities, Weirdness & Mutations

You have a pair of horns on your head.
You reflexively headbutt those who attack you in melee.


Message History

You hit the water moccasin. You burn the water moccasin.
The water moccasin is moderately wounded.
You hit the orc but do no damage. You hit the orc. You burn the orc.
You hit the orc. You burn the orc.
You kill the orc!
The water moccasin barely misses you. The orc hits you with a +0 mace.
* * * LOW HITPOINT WARNING * * *
The orc hits you with a +0 mace.
* * * LOW HITPOINT WARNING * * *
You slash the water moccasin! You burn the water moccasin.
The water moccasin is almost dead.
You slash the orc! You burn the orc.
You kill the orc!
You hit the orc but do no damage. The water moccasin closely misses you.
You furiously retaliate!
You headbutt the water moccasin!
You kill the water moccasin!
The orc closely misses you.
Your Axes skill increases to level 11!
Unknown command.
You slash the orc! You burn the orc.
You kill the orc!
A black bear comes into view.
Lua - Auto Kill stopped.
Not in fighting shape.
You now have 444 gold pieces (gained 24).
Items here: ))) [.
A sky beast comes into view.
Lua - Auto Kill stopped.
Not in fighting shape.
A sleepcap comes into view.
Found a stone staircase leading down.
The sleepcap releases spores at you.
* * * LOW HITPOINT WARNING * * *
You hit the sleepcap. You burn the sleepcap.
The sleepcap is lightly damaged.
The sleepcap releases spores at you.
* * * LOW HITPOINT WARNING * * *
You are engulfed in a cloud of soporific spores!
You fall asleep.
The sentinel's mark upon you fades away.
The sleepcap releases spores at you!
You die...
Your body crumbles into a pile of gold.

#.h....+ #......#
#######......#
.............#
....).......(#
............(# #
............$### #.##
..........#...)###....##
..........#.$$h.@f......
......)...#......(.....>
..........#.........$...
..........#........(....
..........####..........
..........# #..........
.########## #..........
.# #.......... )#


You could see a black bear and a sleepcap.

Vanquished Creatures
  A water moccasin (D:6)
  An ice beast (D:6)
  An ogre (D:6)
  A centaur (D:6)
  A scorpion (D:6)
  A howler monkey (D:4)
  4 hounds
  A jelly (D:3)
  An orc priest (D:6)
  A sleepcap (D:4)
  An iguana (D:4)
  An orc wizard (D:6)
  Robin (D:2)
  4 adders
  A dart slug (D:1)
  10 orcs (D:6)
  11 endoplasms
  7 giant cockroaches
  16 goblins
  8 hobgoblins
  11 kobolds
  5 quokkas
  5 ball pythons
  4 bats
  5 frilled lizards (D:1)
  6 rats
109 creatures vanquished.

Notes
Turn   | Place    | Note
-------+----------+-------------------------------------------
     0 | D:1      | Persephone the Minotaur Monk began the quest for the Orb.
     0 | D:1      | Reached XP level 1. HP: 19/19 MP: 0/0
   102 | D:1      | Reached skill level 4 in Axes
   187 | D:1      | Reached XP level 2. HP: 25/26 MP: 1/1
   462 | D:1      | Reached skill level 5 in Axes
   818 | D:2      | Noticed Robin
   826 | D:2      | Reached XP level 3. HP: 27/31 MP: 2/2
   855 | D:2      | Killed Robin
   868 | D:2      | Reached XP level 4. HP: 39/39 MP: 3/3
   985 | D:2      | Reached skill level 6 in Axes
  1083 | D:2      | Found a faded altar of an unknown god.
  1132 | D:2      | Found Yfezxino's Jewellery Emporium.
  1428 | D:3      | Identified the +2 mace of Fear {freeze, rC- Will+ Int+7}
  1711 | D:3      | Found an opulent altar of Gozag.
  1711 | D:3      | Found a burning altar of Makhleb.
  1717 | D:3      | Found a shimmering blue altar of Sif Muna.
  1728 | D:3      | Became a worshipper of Gozag Ym Sagoz the Greedy
  1737 | D:3      | Found a stormy altar of Qazlal.
  1739 | D:3      | Found a glowing golden altar of the Shining One.
  1744 | D:3      | Found a basalt altar of Yredelemnul.
  1835 | D:3      | Reached skill level 7 in Axes
  1835 | D:3      | Reached XP level 5. HP: 43/45 MP: 4/4
  2263 | D:4      | Reached skill level 8 in Axes
  2263 | D:4      | Reached XP level 6. HP: 51/51 MP: 5/5
  2350 | D:4      | You fall into a shaft and drop 2 floors!
  2353 | D:6      | Found a staircase to the Ecumenical Temple.
  2365 | D:6      | Noticed an ice beast
  2370 | D:6      | Killed an ice beast
  2371 | D:6      | Reached skill level 9 in Axes
  2518 | D:6      | Reached XP level 7. HP: 40/57 MP: 6/6
  2627 | D:6      | Reached skill level 10 in Axes
  2641 | D:6      | HP: 2/57 [orc/+0 dagger (4)]
  2645 | D:6      | Reached skill level 11 in Axes
  2656 | D:6      | Mangled by a sleepcap

Illustrated notes

Levels and vault maps discovered:
D:1:      dpeg_arrival_water_temple_mockup, layout_basic
D:2:      layout_basic, serial_shops, nicolae_shop_rolling_square,
          ebering_ecumenical_altar_abandoned, nicolae_the_louvre, uniq_robin
D:3:      cheibrodos_fertilizer, layout_rooms,
          nicolae_overflow_hallway_of_the_gods
D:4:      layout_layer_cave, zin_purify, kennysheep_diamond,
          chequers_serial_rivers_large_a
D:6:      layout_basic, minmay_temple_entry_water_ring, dreamdust_wishing_well

Skill      XL: |  1  2  3  4  5  6  7 |
---------------+----------------------+-----
Axes           | 4 5 7 8 9 11 | 11.1
Fighting       | |  3.6
Dodging        | |  3.2

Action                     |  1- 3 |  4- 6 |  7- 9 || total
---------------------------+-------+-------+-------++-------
  Melee: Hand axe          |    76 |       |       ||    76
         Headbutt          |    12 |    12 |     2 ||    26
         War axe           |       |    79 |    20 ||    99
  Throw: Dart              |       |    42 |     8 ||    50
    Use: Potion            |     2 |       |     2 ||     4
 Armour: Robe              |    60 |       |       ||    60
         Scale mail        |       |    63 |    24 ||    87
  Dodge: Dodged            |    65 |    42 |    20 ||   127

Table legend: (Time is in decaauts)
 A = Elapsed time spent in this place.
 B = Non-inter-level travel time spent in this place.
 C = Inter-level travel time spent in this place.
 D = Time resting spent in this place.
 E = Time spent auto-exploring this place.
 F = Levels seen in this place.
 G = Mean time per level.
                   A        B        C        D        E       F      G
               +--------+--------+--------+--------+--------+-----+--------+
         Total |   2670 |   2518 |    152 |      0 |   2008 |   5 |  534.0 |
       Dungeon |   2670 |   2518 |    152 |      0 |   2008 |   5 |  534.0 |
               +--------+--------+--------+--------+--------+-----+--------+

Top non-repeatable levels by time:
     D:1: 704 daAuts
     D:2: 695 daAuts
     D:3: 676 daAuts
     D:6: 307 daAuts
     D:4: 286 daAuts
